 Dungeon Crawl Stone Soup version 0.23-a0-29-g1be82e5 (webtiles) character file.

114 asd12 the Sneak (level 4, 0/34 HPs)
             Began as a Demonspawn Assassin on Aug 3, 2018.
             Killed from afar by an orc wizard (4 damage)
             ... with a magic dart
             ... on level 3 of the Dungeon.
             The game lasted 00:02:41 (1571 turns).

asd12 the Sneak (Demonspawn Assassin)               Turns: 1571, Time: 00:02:42

Health: 0/34       AC:  3    Str: 11    XL:     4   Next: 66%
Magic:  4/4        EV: 12    Int: 13    God:
Gold:   173        SH:  0    Dex: 15    Spells: 3/3 levels left

rFire    . . .     SeeInvis .   a - +2 dagger
rCold    + . .     Gourm    .   (no shield)
rNeg     . . .     Faith    .   c - +0 robe
rPois    .         Spirit   .   (no helmet)
rElec    .         Reflect  .   d - +0 cloak
rCorr    +         Harm     .   (no gloves)
MR       .....                  (no boots)
Stlth    +++.......             (no amulet)
HPRegen  0.11/turn              l - ring of resist corrosion
MPRegen  0.09/turn              (no ring)

@: no status effects
A: talons 1, cold resistance 1
a: no special abilities


You were on level 3 of the Dungeon.
You were very hungry.

You visited 1 branch of the dungeon, and saw 3 of its levels.

You collected 173 gold pieces.

Inventory:

Hand Weapons
 a - a +2 dagger (weapon)
 b - a +0 blowgun
 t - a +0 falchion
Missiles
 e - 8 poisoned needles
 f - 2 curare-tipped needles
Armour
 c - a +0 robe (worn)
 d - a +0 cloak (worn)
Jewellery
 l - a ring of resist corrosion (left hand)
Wands
 p - a wand of acid (11)
Scrolls
 i - 2 scrolls of teleportation {unknown}
 k - 3 scrolls of identify {unknown}
 m - a scroll of remove curse {unknown}
 n - a scroll of random uselessness {unknown}
 q - a scroll of fear {unknown}
Potions
 h - a potion of invisibility {unknown}
 j - 2 potions of curing {unknown}
 o - a potion of mutation {unknown}
 r - a potion of agility {unknown}
 u - a potion of lignification {unknown}
Comestibles
 g - 4 rations


   Skills:
 - Level 2.4 Fighting
 - Level 2.3 Short Blades
 * Level 0.3(1.4) Long Blades
 - Level 1.9 Throwing
 + Level 1.4 Dodging
 + Level 5.0 Stealth


You had 3 spell levels left.
You didn't know any spells.
Your spell library was empty.

Dungeon Overview and Level Annotations

Branches:
Dungeon (3/15)

Altars:


Innate Abilities, Weirdness & Mutations

You have sharp toenails.
Your flesh is cold resistant. (rC+)


Message History

The orc wizard casts a spell at you. The puff of frost hits you! You resist.
You hit the orc but do no damage.
The orc is heavily wounded.
The orc wizard hits you with a dagger. The orc hits you but does no damage.
You barely miss the orc.
The orc is heavily wounded.
The orc wizard points at you and mumbles some strange words.
The puff of flame hits you!
* * * LOW HITPOINT WARNING * * *
Unknown command.
You hit the orc but do no damage.
The orc is heavily wounded.
The orc wizard hits you with a dagger.
* * * LOW HITPOINT WARNING * * *
The orc hits you with a mace of crushing.
* * * LOW HITPOINT WARNING * * *
x2 The orc wizard casts a spell at you.
The magic dart hits you!
You die...

##.##.###.# #.##.#.#.# #
..........###.##.#.#.#.# #..#
##......o........#.#.#.## ###..#
##..#.#######.##.#.............#
....#.# #.##.....#.##.###).##
...##.# #.##.#.............[.
#####.# #.##.#o#.............
#.# #.##o#{#.#.######..## #.#
#.##@#.............##
#.##o###.#.#######.## #.##.#
#.#.# #.## #######.##.###.#.#
#.## #..............#.# #.##
#######.##.###.#.# #...
#..........# ######
#.##.###..... ....... ####.#
#.#.##########


You could see an orc wizard and an orc.

Vanquished Creatures
  4 adders (D:2)
  A worm (D:2)
  2 dart slugs
  5 leopard geckos
  2 orcs (D:3)
  10 bats
  2 giant cockroaches
  10 goblins
  4 hobgoblins
  A quokka (D:2)
  A ball python (D:2)
  9 frilled lizards
  6 kobolds
  10 rats
67 creatures vanquished.

Notes
Turn   | Place    | Note
-------+----------+-------------------------------------------
     0 | D:1      | asd12 the Demonspawn Assassin began the quest for the Orb.
     0 | D:1      | Reached XP level 1. HP: 16/16 MP: 1/1
   122 | D:1      | Gained mutation: You have sharp toenails. [demonic ancestry]
   122 | D:1      | Reached XP level 2. HP: 16/22 MP: 2/2
   129 | D:1      | Reached skill level 4 in Stealth
   494 | D:1      | Gained mutation: Your flesh is cold resistant. (rC+) [demonic ancestry]
   494 | D:1      | Reached XP level 3. HP: 27/27 MP: 3/3
   573 | D:2      | Reached skill level 1 in Dodging
   696 | D:2      | Reached XP level 4. HP: 13/34 MP: 4/4
  1340 | D:3      | Reached skill level 5 in Stealth
  1571 | D:3      | Killed from afar by an orc wizard

Vault maps used:
D:1:      dpeg_arrival_ratfight, minmay_misc_feat_iff, minmay_hexomino_p4
D:2:      grunt_ministairs_14
D:3:      first_ration

Skill      XL: |  1  2  3  4 |
---------------+-------------+-----
Stealth        | 4 5 |  5.0
Dodging        | 1 |  1.4
Short Blades   | 2 |  2.3
Fighting       | |  2.4
Long Blades    | |  0.3
Throwing       | |  1.9

Action                   |  1- 3 |  4- 6 || total
-------------------------+-------+-------++-------
Melee: Dagger            |   108 |    51 ||   159
       Kick              |    12 |     9 ||    21
 Fire: Blowgun           |     1 |       ||     1
 Stab: Sleeping          |    12 |     8 ||    20
  Eat: Chunk             |       |     1 ||     1
Armor: Robe              |    30 |     6 ||    36
Dodge: Dodged            |    63 |    21 ||    84

Table legend:
 A = Spawn XP
 B = Non-spawn XP
 C = Spawn XP percentage of total XP
 D = Spawn monster count
 E = Non-spawn monster count
 F = Spawn count percentage of total count
 G = Total turns spent on level
                    A         B        C        D         E        F      G
               +---------+---------+-------+---------+---------+-------+---------
         Total |       0 |     163 |   0.0 |       0 |      67 |   0.0 |  1571
               +---------+---------+-------+---------+---------+-------+---------
           D:1 |       0 |      44 |   0.0 |       0 |      28 |   0.0 |   523
           D:2 |       0 |     100 |   0.0 |       0 |      29 |   0.0 |   761
           D:3 |       0 |      19 |   0.0 |       0 |      10 |   0.0 |   287
               +---------+---------+-------+---------+---------+-------+---------
